Map: Jagannatha LE

Players

Gonzalo

  • Race: Terran Terran
  • League: Master
  • Spawn Location: 7:00

Heeebster - Winner!

  • Race: Protoss Protoss
  • League: Diamond
  • Spawn Location: 1:00

VOD

Have the link to the VOD?

Description

Time

  • Played on: Nov. 16, 2020, 9:03 p.m.
  • Length: 6:39
Show
View Real Time Build Order
Export as new Build Order

Gonzalo Terran 

Build Orders:  

Get SALT Encoding   

  12  0:00  SCV  
  13  0:12  SCV  
  14  0:17  Supply Depot  
  14  0:31  SCV  
  15  0:40  Barracks  
  15  0:45  SCV, Refinery  
  17  0:57  SCV  
  17  1:09  SCV  
  18  1:27  Marine  
  18  1:28  Orbital Command  
  19  1:39  Command Center  
  19  1:47  Barracks Reactor  
  19  1:52  Bunker  
  19  1:56  SCV  
  20  2:05  Supply Depot  
  20  2:10  SCV  
  21  2:20  Factory  
  21  2:24  SCV  
  21  2:25  Marine  
  21  2:26  Marine  
  24  2:34  Refinery  
  24  2:37  SCV  
  25  2:44  Marine x2  
  25  2:51  SCV  
  28  2:53  Orbital Command  
  28  3:03  SCV  
  28  3:05  Starport, Factory Tech Lab  
  29  3:12  Marine x2  
  31  3:17  SCV  
  33  3:20  SCV  
  33  3:27  Supply Depot  
  33  3:30  Widow Mine  
  32  3:42  SCV  
  33  3:49  Viking  
  34  3:56  SCV x2  
  36  4:10  Marine x2  
  36  4:12  SCV x2  
  36  4:16  Siege Tank  
  43  4:22  Starport Tech Lab  
  43  4:27  SCV x2  
  43  4:30  Supply Depot  
  45  4:33  Marine x2  
  42  4:50  Siege Tank  
  42  4:51  Marine x2  
  42  4:52  SCV  
  48  4:55  Banshee  
  49  5:03  Cloaking Field  
  49  5:09  Marine x2  
  51  5:19  SCV x2  
  53  5:25  Supply Depot x2  
  48  5:37  Marine x2, Siege Tank  
  48  5:44  SCV x2  
  50  5:53  Banshee  
  50  5:55  Marine x2  
  50  5:56  SCV x2  
  44  6:12  Marine x2  
  40  6:22  SCV x2  
Show
View Real Time Build Order
Export as new Build Order

Heeebster Protoss - Winner!

Build Orders: Oracle Opening 

Get SALT Encoding   

  12  0:00  Probe  
  13  0:13  Pylon  
  13  0:16  Probe (Chrono Boost)  
  14  0:26  Probe (Chrono Boost)  
  14  0:28  Assimilator  
  15  0:34  Assimilator  
  15  0:38  Probe  
  16  0:48  Gateway  
  16  0:52  Probe  
  17  1:04  Probe (Chrono Boost)  
  18  1:17  Probe (Chrono Boost)  
  19  1:22  Probe (Chrono Boost)  
  20  1:31  Probe  
  21  1:35  Cybernetics Core  
  21  1:40  Pylon  
  21  1:43  Probe  
  21  1:45  Pylon  
  22  1:55  Probe  
  23  2:11  Stargate  
  23  2:12  Stalker (Chrono Boost)  
  25  2:16  Warp Gate  
  25  2:35  Stalker  
  27  2:55  Oracle (Chrono Boost)  
  30  3:02  Gateway x2  
  30  3:04  Gateway  
  30  3:24  Oracle (Chrono Boost)  
  33  3:31  Pylon  
  33  3:53  Void Ray (Chrono Boost)  
  37  4:08  Stalker x3  
  37  4:09  Stalker  
  42  4:25  Void Ray (Chrono Boost)  
  42  4:27  Pylon  
  43  4:48  Stalker x2  
  43  4:52  Zealot x2  
  49  5:11  Void Ray (Chrono Boost)  
  49  5:24  Stalker, Zealot  
  46  5:48  Void Ray (Chrono Boost)  
  36  6:30  Zealot x4  
Tags
 
Matchup
PvT
Replay Pack
Replays
Spawn Locations
Cross Positions
Add a new tag
Caveats
  • Supply blocks, unpowered buildings, or Contaminate may cause inaccurate times.
  • Supply counts are checked every 10 seconds.